 Dungeon Crawl Stone Soup version 0.30-a0-364-gf6b3ef1049 (webtiles) character file.

Game seed: 9652026822019825358

35 Elric the Chopper (level 3, -5/31 HPs)
             Began as a Minotaur Fighter on Nov 14, 2022.
             Slain by Sigmund
             ... wielding a +0 scythe
              (10 damage)
             ... on level 3 of the Dungeon.
             The game lasted 00:01:20 (1201 turns).

Elric the Chopper (Minotaur Fighter)                Turns: 1201, Time: 00:01:20

Health: -5/31      AC:  6    Str: 20    XL:     3   Next: 16%
Magic:  11/11      EV:  9    Int:  5    God:
Gold:   136        SH:  5    Dex: 18    Spells: 2/2 levels left

rFire   x . .      SeeInvis .    n - +0 hand axe (flame)
rCold   . . .      Faith    .    c - +0 buckler
rNeg    . . .      Spirit   .    b - +0 scale mail
rPois   .          Reflect  .    (helmet restricted)
rElec   +          Harm     .    (no cloak)
rCorr   +          Rampage  .    (no gloves)
Will    .....                    (no boots)
Stlth   ..........               (no amulet)
HPRegen 0.25/turn                o - ring of resist corrosion
MPRegen 0.12/turn                l - ring of Idyigeyth {rElec rF- MP+9 Str-2 Dex+9}

@: no status effects
A: horns 2, retaliatory headbutt
a: no special abilities


You were on level 3 of the Dungeon.
You visited 1 branch of the dungeon, and saw 3 of its levels.

You collected 136 gold pieces.

Inventory:

Hand Weapons
 a - a +0 war axe
 n - a +0 hand axe of flaming (weapon)
Armour
 b - a +0 scale mail (worn)
 c - a +0 buckler (worn)
Jewellery
 l - the ring of Idyigeyth (right hand) {rElec rF- MP+9 Str-2 Dex+9}
   (You found it on level 2 of the Dungeon)

   [ring of magical power]

   Str:       It affects your strength (-2).
   Dex:       It affects your dexterity (+9).
   rF:        It makes you vulnerable to fire.
   rElec:     It insulates you from electricity.
   MP:        It affects your magic capacity (+9).
 o - a ring of resist corrosion (left hand)
Scrolls
 e - 3 scrolls of summoning {unknown}
 f - a scroll of silence {unknown}
 h - 3 scrolls of identify {unknown}
 i - a scroll of brand weapon {unknown}
 m - 2 scrolls of amnesia {unknown}
Potions
 g - a potion of berserk rage {unknown}
 k - a potion of curing {unknown}


   Skills:
 - Level 3.6 Fighting
 + Level 4.4 Axes
 - Level 3.6 Armour
 - Level 3.6 Shields


You had 2 spell levels left.
You didn't know any spells.
Your spell library contained the following spells:

 Spells                   Type           Power      Damage    Failure   Level
 Foxfire                  Conj/Fire      0%         2x1d4     89%         1
 Freeze                   Ice            0%         1d3       89%         1
 Magic Dart               Conj           0%         1d3       89%         1
 Sandblast                Erth           0%         2d4       89%         1
 Call Imp                 Summ           0%         N/A       96%         2
 Passwall                 Tmut/Erth      0%         N/A       96%         2
 Frozen Ramparts          Ice            0%         1d1       99%         3
 Hailstorm                Conj/Ice       0%         3d3       99%         3
 Mephitic Cloud           Conj/Pois/Air  0%         N/A       99%         3
 Stone Arrow              Conj/Erth      0%         3d7       99%         3
 Fireball                 Conj/Fire      0%         3d3       100%        5
 Starburst                Conj/Fire      0%         6d3       100%        6


Dungeon Overview and Level Annotations

Branches:
Dungeon (3/15)

Altars:
Qazlal

Annotations:
D:3 Sigmund


Innate Abilities, Weirdness & Mutations

You have a pair of horns on your head.
You reflexively headbutt those who attack you in melee.


Message History

You closely miss Sigmund. Your headbutt misses Sigmund.
Sigmund hits you with a +0 scythe!
You are too injured to fight recklessly!
You are too injured to fight recklessly!
You feel very mighty all of a sudden.
The giant cockroach completely misses you.
Sigmund barely misses you.
It was a potion of cancellation.
Your magical effects are unravelling.
You feel magically purged.
You feel a little less mighty now. The giant cockroach barely misses you.
You hit Sigmund. You burn Sigmund.
Sigmund is lightly wounded.
You hit the giant cockroach but do no damage.
The giant cockroach completely misses you.
The kobold throws a stone.
The stone hits you. You block Sigmund's attack.
The giant cockroach closely misses you.
You hit Sigmund but do no damage. Your headbutt misses Sigmund.
Sigmund is lightly wounded.
You hit the giant cockroach. You burn the giant cockroach.
The giant cockroach barely misses you. You furiously retaliate!
You headbutt the giant cockroach.
You kill the giant cockroach!
Sigmund gestures at you while chanting. The puff of flame hits you!
The fire burns you terribly!
* * * LOW HITPOINT WARNING * * *
You hit Sigmund. You burn Sigmund.
Sigmund is moderately wounded.
You closely miss the kobold. The kobold hits you but does no damage.
Sigmund barely misses you.
You hit Sigmund. You burn Sigmund. You headbutt Sigmund.
Sigmund is severely wounded.
You hit the kobold. You burn the kobold.
You kill the kobold!
Unknown command.
You hit Sigmund. You burn Sigmund.
Sigmund is almost dead.
Sigmund hits you with a +0 scythe!
You die...

######. .....>.##
[..$....# .#...#..#
........# ........#
.......@# #)@# #..#
#..################
#.............)...#
......###############.#
####.# #.# #. #.# #.
#.# #. ##.#


You could see Sigmund.

Vanquished Creatures
  An adder (D:2)
  4 ball pythons
  A bat (D:2)
  3 endoplasms
  A giant cockroach (D:3)
  2 goblins
  3 quokkas
  A frilled lizard (D:1)
  4 kobolds
  2 rats (D:2)
22 creatures vanquished.

Notes
Turn   | Place    | Note
-------+----------+-------------------------------------------
     0 | D:1      | Elric the Minotaur Fighter began the quest for the Orb.
     0 | D:1      | Reached XP level 1. HP: 19/19 MP: 0/0
   292 | D:1      | Reached skill level 3 in Axes
   644 | D:2      | Reached XP level 2. HP: 26/26 MP: 1/1
   653 | D:2      | Identified the ring of Idyigeyth {rElec rF- MP+9 Str-2
                  | Dex+9}
   849 | D:2      | Found a stormy altar of Qazlal.
   910 | D:2      | Reached skill level 4 in Axes
   986 | D:2      | Reached XP level 3. HP: 31/31 MP: 2/2
  1190 | D:3      | Noticed Sigmund
  1201 | D:3      | Slain by Sigmund

Illustrated notes

Levels and vault maps discovered:
D:1:      psy_arrival_spokes, layout_loops_ring
D:2:      layout_rooms, basic_altar, dreamdust_mushroom_princess,
          minmay_misc_feat_rows, hex_large
D:3:      layout_loops_ring, tso_metal_star, general_overflow_altar,
          uniq_sigmund

Skill      XL: |  1  2 |
---------------+-------+-----
Axes           | 3 4 |  4.4
Fighting       | |  3.6
Armour         | |  3.6
Shields        | |  3.6

Action                   || total
-------------------------++-------
Melee: War axe           ||    18
       Headbutt          ||     5
       Hand axe          ||    24
  Use: Potion            ||     2
Armor: Scale mail        ||    16
Dodge: Dodged            ||    22
Block: Buckler           ||    10

Table legend: (Time is in decaauts)
 A = Elapsed time spent in this place.
 B = Non-inter-level travel time spent in this place.
 C = Inter-level travel time spent in this place.
 D = Time resting spent in this place.
 E = Time spent auto-exploring this place.
 F = Levels seen in this place.
 G = Mean time per level.
                   A        B        C        D        E       F      G
               +--------+--------+--------+--------+--------+-----+--------+
         Total |   1209 |   1156 |     53 |      0 |   1003 |   3 |  403.0 |
       Dungeon |   1209 |   1156 |     53 |      0 |   1003 |   3 |  403.0 |
               +--------+--------+--------+--------+--------+-----+--------+

Top non-repeatable levels by time:
     D:1: 631 daAuts
     D:2: 442 daAuts
     D:3: 135 daAuts
